[Event "European Women Rapid-ch 2023"]
[Site "Monaco"]
[Date "2024.01.13"]
[Round "5.11"]
[White "Charkhalashvili, Inga"]
[Black "Daulyte-Cornette, Deimante"]
[Result "1-0"]
[ECO "E16"]
[WhiteElo "2239"]
[BlackElo "2372"]
[Annotator "ChessBase"]
[PlyCount "63"]
[EventDate "2023.12.19"]
[EventType "swiss"]
[EventCountry "MNC"]
[SourceTitle "playchess.com"]
[Source "ChessBase"]
[SourceQuality "1"]
[TimeControl "900+10"]

1. d4 Nf6 2. c4 e6 3. Nf3 b6 4. g3 Bb4+ 5. Bd2 Bxd2+ 6. Nbxd2 Bb7 7. Bg2 c5 8. O-O O-O 9. Rc1 d6 10. a3 Nbd7 11. Re1 Rc8 12. b4 cxd4 13. Nxd4 Bxg2 14. Kxg2 d5 15. cxd5 Rxc1 16. Qxc1 Nxd5 17. e4 N5f6 18. Nc6 Qa8 19. b5 Nc5 20. Qc4 a6 21. a4 axb5 22. axb5 Qa3 23. Qc2 Ncd7 24. Re3 Qa1 25. Nc4 Ra8 26. Re2 h6 27. Nd6 Qa3 28. Rd2 Kf8 29. e5 Ng8 30. Nc4 Qc5 31. Rxd7 Qxb5 32. Rxf7+ 1-0

[Event "European Women Rapid-ch 2023"]
[Site "Monaco"]
[Date "2024.01.13"]
[Round "5.12"]
[White "Zvereva, Marija"]
[Black "Hrebenshchykova, Yelyzaveta"]
[Result "0-1"]
[ECO "A07"]
[WhiteElo "2049"]
[BlackElo "2275"]
[Annotator "ChessBase"]
[PlyCount "106"]
[EventDate "2023.12.19"]
[EventType "swiss"]
[EventCountry "MNC"]
[SourceTitle "playchess.com"]
[Source "ChessBase"]
[SourceQuality "1"]
[TimeControl "900+10"]

1. Nf3 Nf6 2. g3 g6 3. Bg2 Bg7 4. d3 d5 5. c3 O-O 6. Nbd2 c5 7. e4 Nc6 8. e5 Nd7 9. d4 e6 10. Nb3 b6 11. Bg5 Qc7 12. Qd2 a5 13. Bh6 a4 14. Bxg7 Kxg7 15. Nc1 f6 16. exf6+ Nxf6 17. O-O Ne4 18. Qe3 a3 19. b3 Ne7 20. c4 Nf5 21. Qe1 Bb7 22. dxc5 bxc5 23. Nd3 Rfe8 24. Nfe5 Nd4 25. Rc1 Qa5 26. Qxa5 Rxa5 27. Rfe1 Rc8 28. f3 Nd2 29. Rcd1 dxc4 30. bxc4 N2xf3+ 31. Nxf3 Nxf3+ 32. Bxf3 Bxf3 33. Rb1 Ra4 34. Ne5 Ba8 35. Rb6 Re8 36. Rd1 Rb4 37. Rb1 Rxb1+ 38. Rxb1 Rd8 39. g4 Rd2 40. h4 Kf6 41. Re1 Rg2+ 42. Kf1 Rxa2 43. Nd7+ Ke7 44. Nxc5 Kd6 45. Nb3 Rb2 46. c5+ Kd5 47. Na1 a2 48. Rd1+ Kxc5 49. Rc1+ Kd6 50. Rd1+ Bd5 51. Ke1 Ke5 52. Rd2 Rb1+ 53. Rd1 Bf3 0-1

[Event "European Women Rapid-ch 2023"]
[Site "Monaco"]
[Date "2024.01.13"]
[Round "5.13"]
[White "Hryshchenko, Kamila"]
[Black "Schulze, Lara"]
[Result "1-0"]
[ECO "C77"]
[WhiteElo "2192"]
[BlackElo "2285"]
[Annotator "TA"]
[PlyCount "75"]
[EventDate "2023.12.19"]
[EventType "swiss"]
[EventCountry "MNC"]
[SourceTitle "playchess.com"]
[Source "ChessBase"]
[SourceQuality "1"]
[TimeControl "900+10"]

1. e4 e5 2. Nf3 Nc6 3. Bb5 a6 4. Ba4 Nf6 5. O-O d6 6. d3 g6 7. c3 Bg7 8. Nbd2 O-O 9. Re1 h6 10. Nf1 b5 11. Bb3 d5 {[%emt 0:00:28] The position is equal.} 12. Ng3 Re8 (12... dxe4 $11 13. dxe4 Qxd1 14. Rxd1 Re8) 13. a4 (13. exd5 $14 Nxd5 14. d4) 13... Be6 $11 14. Be3 dxe4 (14... b4 {looks sharper.} 15. cxb4 Nxb4 16. Nxe5 dxe4 17. dxe4 Nxe4 18. Bxe6 Rxe6 19. Nxe4 Rxe5 20. Bd4 Rd5) 15. dxe4 Qxd1 16. Bxd1 b4 17. a5 Red8 18. Be2 Bf8 19. Rec1 b3 20. h3 Nd7 21. Ra4 Nc5 22. Bxc5 Bxc5 23. Bc4 Rab8 (23... Rd6 $14) 24. Bxa6 $16 Bd7 25. Bc4 Be8 26. a6 Ra8 27. Bd5 ({Not} 27. Bxb3 Rab8 28. Bc4 (28. Rc4 $2 Na5 $19) 28... Rxb2 $14) 27... Bd6 28. Rca1 $1 {[%emt 0:00:32][%cal Oa6a7] Black must now prevent a7!} ({Don't take} 28. Bxb3 $6 Nb8 $16) 28... Ra7 29. Nf1 Ne7 {[%emt 0:00:18] [#]} 30. Bb7 $1 Bxa4 31. Rxa4 Rb8 32. Ra5 c6 (32... f6 $16 33. N1d2 Kf8) 33. Nxe5 $18 Rbxb7 (33... Bxe5 $142 34. Rxe5 Raxb7 35. axb7 Rxb7) 34. axb7 Rxa5 (34... Rxb7 35. Nc4 Bb8) 35. Nc4 $1 {[%emt 0:00:01][%csl LRa5,LRd6][%cal Oc4d6] White is clearly winning.} Rb5 36. Nxd6 Rb6 37. Nd2 c5 38. N2c4 {[%emt 0:00:02] Weighted Error Value: White=0.15 (very precise) /Black=0.46.  Mistake:       	White=2     	Black=5      Inaccurate:     	White=2     	Black=3      OK:         	White=3     	Black=6      Best:        	White=3     	---        Strong:       	White=1     	---} 1-0

[Event "European Women Rapid-ch 2023"]
[Site "Monaco"]
[Date "2024.01.13"]
[Round "5.14"]
[White "Papp, Petra"]
[Black "De Seroux, Camille"]
[Result "1-0"]
[ECO "B00"]
[WhiteElo "2267"]
[BlackElo "2075"]
[Annotator "RC"]
[PlyCount "153"]
[EventDate "2023.12.19"]
[EventType "swiss"]
[EventCountry "MNC"]
[SourceTitle "playchess.com"]
[Source "ChessBase"]
[SourceQuality "1"]
[TimeControl "900+10"]

1. e4 Nc6 2. d4 d5 3. Nc3 dxe4 4. d5 Nb8 5. Nxe4 e6 6. Bb5+ c6 7. dxc6 Qxd1+ 8. Kxd1 Nxc6 9. Bf4 Bd7 10. Nf3 e5 11. Be3 O-O-O 12. Ke2 a6 13. Bc4 f6 14. Bb6 Re8 15. Rhd1 Nh6 16. c3 Be6 17. Bb3 Nf7 18. Rd2 h6 19. Rad1 f5 20. Ng3 e4 21. Nd4 Bxb3 22. axb3 g6 23. Nxc6 bxc6 24. Rd7 Ne5 25. Ra7 Bg7 26. Rxg7 Nd3 27. Kf1 Re6 28. Ne2 c5 29. Ba5 f4 30. Nc1 Rhe8 31. b4 Nxb2 32. Rdd7 e3 33. Rc7+ Kb8 34. Rb7+ Ka8 35. Ra7+ Kb8 36. Rgb7+ Kc8 37. fxe3 Rxe3 38. Rf7 Re1+ 39. Kf2 Kb8 40. Rab7+ Ka8 41. Bb6 Nd1+ 42. Kf3 Rf1+ 43. Kg4 Ne3+ 44. Kh3 Rxc1 45. Ra7+ Kb8 46. Bxc5 Nf5 47. Rfb7+ Kc8 48. Rc7+ Kb8 49. Rcb7+ Kc8 50. Rf7 Kb8 51. Rxa6 h5 52. Rb6+ Kc8 53. Rc6+ Kb8 54. Rb6+ Kc8 55. Ra6 Rxc3+ 56. g3 Kb8 57. Rxg6 fxg3 58. Rxf5 gxh2+ 59. Kxh2 Re2+ 60. Rg2 Rxg2+ 61. Kxg2 h4 62. Rh5 Rc4 63. Kh3 Kb7 64. Rxh4 Rc3+ 65. Kg4 Kc6 66. Kf5 Kb5 67. Ke5 Rd3 68. Rh8 Rd1 69. Rb8+ Kc4 70. Ke6 Rd3 71. Bd6 Re3+ 72. Kd7 Kd5 73. Rc8 Rh3 74. Rc5+ Kd4 75. Kc6 Rh7 76. b5 Rh6 77. b6 1-0

[Event "European Women Rapid-ch 2023"]
[Site "Monaco"]
[Date "2024.01.13"]
[Round "5.15"]
[White "Rodriguez Redondo, Adhara"]
[Black "Savina, Anastasia"]
[Result "1/2-1/2"]
[ECO "B32"]
[WhiteElo "2130"]
[BlackElo "2340"]
[Annotator "ChessBase"]
[PlyCount "96"]
[EventDate "2023.12.19"]
[EventType "swiss"]
[EventCountry "MNC"]
[SourceTitle "playchess.com"]
[Source "ChessBase"]
[SourceQuality "1"]
[TimeControl "900+10"]

1. e4 c5 2. Nf3 Nc6 3. d4 cxd4 4. Nxd4 e5 5. Nb5 d6 6. c4 Be7 7. N5c3 Nf6 8. Bd3 Bg4 9. f3 Be6 10. Be3 Nd7 11. O-O Bg5 12. Bf2 Nc5 13. Nd5 Nxd3 14. Qxd3 O-O 15. Nbc3 Rc8 16. b3 f5 17. Rad1 Bh4 18. Bxh4 Qxh4 19. Nb5 Rcd8 20. Ndc7 fxe4 21. Qxe4 Qe7 22. Nxe6 Qxe6 23. Qd5 Rf6 24. Qxe6+ Rxe6 25. Rd2 a6 26. Nc3 Nd4 27. Ne2 Nxe2+ 28. Rxe2 Kf7 29. Rd1 Ke7 30. a4 Rc8 31. Rd5 Rc5 32. Red2 Rxd5 33. Rxd5 e4 34. fxe4 Rxe4 35. Kf2 h6 36. Kf3 Re1 37. Kf2 Rb1 38. Rd3 Rb2+ 39. Kf3 Ke6 40. h3 Ke5 41. Rd5+ Ke6 42. Rd3 h5 43. h4 g6 44. g3 Ke5 45. Rd5+ Ke6 46. Rd3 Ke5 47. Rd5+ Ke6 48. Rd3 Ke5 1/2-1/2

[Event "European Women Rapid-ch 2023"]
[Site "Monaco"]
[Date "2024.01.13"]
[Round "5.16"]
[White "Garcia Martin, Marta"]
[Black "Cramling, Pia"]
[Result "1-0"]
[ECO "B22"]
[WhiteElo "2342"]
[BlackElo "2437"]
[Annotator "TA"]
[PlyCount "135"]
[EventDate "2023.12.19"]
[EventType "swiss"]
[EventCountry "MNC"]
[SourceTitle "playchess.com"]
[Source "ChessBase"]
[SourceQuality "1"]
[TimeControl "900+10"]

1. e4 c5 2. Nf3 e6 3. c3 d5 4. exd5 Qxd5 5. Na3 Nf6 6. d4 cxd4 7. Nb5 Qd8 8. Nbxd4 Be7 9. Bd3 O-O {[%emt 0:01:09] B22: Sicilian: 2 c3.} 10. O-O Nbd7 11. Qe2 Nc5 12. Bc2 Qc7 13. Ne5 Nd5 $146 ({Predecessor:} 13... Bd7 14. Bf4 Qc8 15. Rad1 Be8 16. Rfe1 a5 17. Nc4 Ra6 18. Bg3 Nce4 19. Be5 b5 {1-0 Antonio,R (2478)-Pacis,A (2254) Olongapo City Puregold op 2015 (1)}) 14. Re1 Bd7 15. Qh5 g6 16. Qh3 Bd6 17. Ndf3 Be8 18. Bh6 f6 19. Bxf8 Bxf8 20. b4 fxe5 21. bxc5 Nf4 22. Qg4 Bg7 23. g3 h5 24. Qh4 Nd5 25. Bb3 Bf7 26. c4 $2 (26. Rac1 $18) 26... Nb4 $2 (26... Bf6 $16 27. Qe4 Nc3) 27. Qe4 Nc6 28. Rad1 Nd4 29. Rd3 (29. Nxe5 Qxe5 30. Qxb7 Qb8 $15 (30... Rb8 31. Qxa7 Nc6 32. Rxe5 $16)) 29... Rd8 30. Kf1 ({Less strong is} 30. Nxe5 Bxe5 31. Qxe5 Qxe5 32. Rxe5 Ne2+ 33. Kf1 (33. Rxe2 Rxd3 34. Kf1 g5 $16) 33... Rxd3 $18) 30... Nc6 31. Rxd8+ Qxd8 32. Ba4 Be8 33. Rd1 Qe7 34. Rd6 Qf6 35. h4 Bf8 36. Rd2 Bxc5 37. Ng5 Bb4 $2 (37... Bb6 38. Qb1 Qf5) 38. Rb2 $18 Bc5 39. Qf3 (39. Rxb7 $2 Qxf2#) 39... Qxf3 40. Nxf3 e4 $2 (40... b6 {was necessary.} 41. Re2 Bd6 42. Bxc6 Bxc6) 41. Ng5 $18 b6 42. Nxe4 Be7 43. Rd2 Kf8 44. Nd6 Bd7 45. Ne4 Be8 46. Ng5 Bxg5 47. hxg5 Ke7 48. f4 Na5 49. Bxe8 Kxe8 50. Rd4 Ke7 51. Ke2 Nb7 52. Kf3 Nc5 53. g4 hxg4+ 54. Kxg4 Nb7 55. Rd1 Nd6 56. Rh1 Nxc4 57. Rh7+ Kd6 58. Rxa7 Ne3+ 59. Kf3 Nf5 60. Ra8 e5 61. Rb8 exf4 62. Kxf4 Kc7 63. Rf8 Ne7 64. Ke5 Kd7 65. Rf7 Ke8 66. Ke6 Nc6 67. Rc7 Nd4+ 68. Kf6 1-0

[Event "European Women Rapid-ch 2023"]
[Site "Monaco"]
[Date "2024.01.13"]
[Round "5.17"]
[White "Sliwicka, Alicja"]
[Black "Zhukova, Natalia"]
[Result "1-0"]
[ECO "C02"]
[WhiteElo "2311"]
[BlackElo "2301"]
[Annotator "TA"]
[PlyCount "85"]
[EventDate "2023.12.19"]
[EventType "swiss"]
[EventCountry "MNC"]
[SourceTitle "playchess.com"]
[Source "ChessBase"]
[SourceQuality "1"]
[TimeControl "900+10"]

1. e4 e6 2. d4 d5 3. e5 c5 4. c3 Nc6 5. Nf3 Bd7 6. Bd3 Rc8 7. O-O Qb6 {[%emt 0:00:06] [#]} (7... cxd4 $11 8. cxd4 Nb4) 8. dxc5 $1 $16 Bxc5 9. b4 Be7 10. a4 {[%emt 0:00:31] White is better.} Nh6 11. Na3 Ng4 12. Qe2 (12. a5 $14 Qc7 13. Nb5) 12... f6 $1 $11 13. exf6 Nxf6 ({Black should try} 13... Bxf6 $14 14. Bg5 Nce5) 14. Ng5 $36 {[%emt 0:00:38][%mdl 2048] White has strong initiative.} Nd8 (14... e5 $16 {keeps fighting.}) 15. Be3 $18 Qc7 16. Nb5 ({Stronger than} 16. Bxa7 Qxc3 17. Nb5 Qxb4 $11) 16... Qb8 17. Bxa7 Qf4 18. Be3 Qg4 {[%emt 0:00:13] [#]} 19. Nxh7 $1 Qxe2 20. Nxf6+ gxf6 21. Bxe2 Nf7 22. f4 Kf8 23. Rac1 Kg7 24. c4 Bxb4 25. cxd5 exd5 26. Nc7 (26. Bf3 $18) 26... Ba5 (26... Ba3 $16 {was called for.}) 27. Nxd5 Bc6 (27... Be6 $142) 28. Ne7 Rce8 29. Nf5+ Kg6 30. Bg4 (30. Rxc6 $18 bxc6 31. Bd3) 30... Bd7 {[%emt 0:00:14] [#]} (30... Nh6 $16 {was worth a try.} 31. Nxh6 Rxe3) 31. Bf2 $1 {[%emt 0:00:43] Black must now prevent Nh4+.} ({Inferior is} 31. Rc5 Bb6 32. Rc3 Rxe3 33. Nxe3 Bxg4 $11) 31... b6 $2 (31... Bxa4 32. h3 Ra8) 32. Nh4+ {[%emt 0:00:13] White is clearly winning.} Rxh4 33. Bxd7 Rd8 34. Bxh4 Rxd7 35. Rc6 Rd6 36. f5+ Kg7 37. Rxd6 Nxd6 {[%emt 0:00:02][%mdl 4096] Endgame. KRB-KBN} 38. g4 Ne4 39. Rd1 Kf7 40. Rd7+ Ke8 41. Rh7 Bc3 42. Bf2 Ng5 43. Rb7 {[%emt 0:00:08] Weighted Error Value: White=0.28 (precise) /Black=0.35.  Missed win:     	White=1     	---        Mistake:       	White=2     	Black=6      OK:         	White=10    	Black=9      Best:        	White=4     	---        Strong:       	White=1     	Black=1} 1-0

[Event "European Women Rapid-ch 2023"]
[Site "Monaco"]
[Date "2024.01.13"]
[Round "5.18"]
[White "Bensdorp-De Labaca, Marlies"]
[Black "Gvetadze, Sofio"]
[Result "1/2-1/2"]
[ECO "E70"]
[WhiteElo "2237"]
[BlackElo "2298"]
[Annotator "RC"]
[PlyCount "166"]
[EventDate "2023.12.19"]
[EventType "swiss"]
[EventCountry "MNC"]
[SourceTitle "playchess.com"]
[Source "ChessBase"]
[SourceQuality "1"]
[TimeControl "900+10"]

1. d4 Nf6 2. c4 g6 3. Nc3 c5 4. d5 Bg7 5. e4 d6 6. Bd3 O-O 7. Nge2 Nbd7 8. O-O Ne5 9. h3 a6 10. a4 Rb8 11. f4 Nxd3 12. Qxd3 Bd7 13. Bd2 Ne8 14. Ng3 Nc7 15. a5 b5 16. axb6 Rxb6 17. Qc2 Qb8 18. Ra2 Rb3 19. Kh2 Qb7 20. Rf3 Rb8 21. Nd1 Rxf3 22. gxf3 Qc8 23. f5 Qb7 24. Kg2 Qb3 25. Qxb3 Rxb3 26. fxg6 hxg6 27. h4 Be5 28. Ba5 Ne8 29. Nc3 Bc8 30. Nge2 Nf6 31. Nc1 Rb7 32. Nd3 Bd4 33. Ne2 Be3 34. Bc3 Nh5 35. Rxa6 Rxb2 36. Nxb2 Bxa6 37. Kh3 Nf4+ 38. Nxf4 Bxf4 39. Kg4 Bc1 40. h5 gxh5+ 41. Kxh5 Bxb2 42. Bxb2 Bxc4 43. Kg4 Kh7 44. f4 Be2+ 45. Kg3 Bc4 46. f5 Kg8 47. Kf4 Kf8 48. Bc3 Ke8 49. Ke3 Ba6 50. Kd2 Kd7 51. Ba5 Bf1 52. Bc3 Bc4 53. Ba5 e6 54. dxe6+ fxe6 55. fxe6+ Kxe6 56. Bc3 Bb5 57. Ke3 Bc6 58. Bb2 Ba4 59. Bc3 Bc2 60. Bb2 Bb1 61. Bc3 Kd7 62. Bb2 Kc6 63. Ba1 Kb5 64. e5 d5 65. Bb2 Kc4 66. e6 Bg6 67. e7 d4+ 68. Kd2 Kd5 69. Ba3 Kd6 70. Ke2 Bh5+ 71. Kd3 Kd5 72. Kd2 Bg6 73. Bb2 Kc4 74. Ba3 Be8 75. Bb2 Bb5 76. Ba3 Ba4 77. Bb2 Kd5 78. Ba3 c4 79. Bb2 Ke4 80. Ba1 Be8 81. Bb2 Kd5 82. Ba1 Kc5 83. Bb2 Kd5 1/2-1/2

[Event "European Women Rapid-ch 2023"]
[Site "Monaco"]
[Date "2024.01.13"]
[Round "5.19"]
[White "Kulon, Klaudia"]
[Black "Kubicka, Anna"]
[Result "1-0"]
[ECO "A42"]
[WhiteElo "2323"]
[BlackElo "2278"]
[Annotator "ChessBase"]
[PlyCount "73"]
[EventDate "2023.12.19"]
[EventType "swiss"]
[EventCountry "MNC"]
[SourceTitle "playchess.com"]
[Source "ChessBase"]
[SourceQuality "1"]
[TimeControl "900+10"]

1. c4 g6 2. Nc3 Bg7 3. d4 d6 4. e4 e5 5. dxe5 dxe5 6. Qxd8+ Kxd8 7. Bg5+ f6 8. O-O-O+ Nd7 9. Be3 c6 10. Bc5 Nh6 11. g3 Nf7 12. h4 Kc7 13. Be3 h5 14. Kc2 Bf8 15. a3 b6 16. b4 a5 17. Kb3 axb4 18. axb4 Bh6 19. f4 Nf8 20. b5 Bb7 21. Bh3 c5 22. Nf3 f5 23. Rhe1 fxe4 24. Nxe5 Nxe5 25. fxe5 Bxe3 26. Rxe3 Re8 27. Nd5+ Bxd5 28. cxd5 Rxe5 29. d6+ Kb8 30. d7 Nxd7 31. Bxd7 Rf8 32. Bc6 Rf3 33. Rde1 c4+ 34. Kxc4 Rc5+ 35. Kd4 Kc7 36. Rxe4 Rf6 37. Re7+ 1-0

[Event "European Women Rapid-ch 2023"]
[Site "Monaco"]
[Date "2024.01.13"]
[Round "5.20"]
[White "Unuk, Laura"]
[Black "Paasikangas, Johanna"]
[Result "1-0"]
[ECO "D00"]
[WhiteElo "2346"]
[BlackElo "2038"]
[Annotator "TA"]
[PlyCount "101"]
[EventDate "2023.12.19"]
[EventType "swiss"]
[EventCountry "MNC"]
[SourceTitle "playchess.com"]
[Source "ChessBase"]
[SourceQuality "1"]
[TimeControl "900+10"]

1. d4 d5 2. Bf4 c5 3. e3 Qb6 4. Nc3 e6 5. Nb5 Na6 6. a4 Qa5+ (6... Nf6 $14) 7. c3 $16 c4 8. Nd6+ (8. Nf3 $16) 8... Bxd6 $14 9. Bxd6 Qd8 10. Ba3 Ne7 11. b3 cxb3 12. Qxb3 Nc7 {[%emt 0:01:26] Pariert Qb5+.} 13. Nf3 O-O 14. Bd3 b6 15. Qc2 {[%emt 0:01:45] Weiß steht deutlich aktiver. Die schwarzen Türme stehen passiv.} (15. Qb1 $142) 15... h6 $16 16. g4 (16. Qe2 $16) 16... f5 (16... Ba6 $14) 17. Ne5 Rf6 (17... Ba6 $16) 18. h4 {[%emt 0:02:24] Zielt auf g5 ab.} fxg4 19. Nxg4 Rf7 (19... Nf5 $16 20. Nxf6+ Qxf6) 20. Ne5 {[%emt 0:00:08] Droht Bh7+ und aus.} Rf6 21. Bh7+ {[%emt 0:00:15] Ein starkes Läuferpaar. Schwarz hat schwache schwarze Felder} Kh8 {[%emt 0:00:20] [#]} 22. Bxe7 $1 Qxe7 23. Ng6+ Rxg6 24. Bxg6 ({Doch nicht} 24. Qxg6 $6 e5 $11) 24... e5 25. dxe5 Qxe5 26. Rd1 ({Besser ist} 26. a5) 26... Be6 27. Qd3 Qf6 28. h5 Rf8 29. Rd2 Bd7 (29... Qg5 $16 {war nötig.}) 30. Qd4 $18 {[%emt 0:00:08] Qxf6 ist eine echte Drohung.} Qc6 (30... Qg5 $142 31. Qb4 Ne6) 31. Bc2 (31. Rh4 $18 {ist viel giftiger.}) 31... Be6 (31... Bf5 $16) 32. Rg1 Rf6 $2 (32... Ne8 {war angesagt.} 33. e4 dxe4) 33. f4 {[%emt 0:00:15] Rdg2 wäre nun fies.} Ne8 34. Rdg2 {[%emt 0:00:02][%cal Og2g7] Beabsichtigt Rxg7! und Matt.} Qc7 {[%emt 0:00:25] [#]} (34... Bf7 35. Bd3 Qe6) 35. Rxg7 $3 Qxg7 36. Rxg7 Kxg7 37. Qe5 Bf7 38. Bb3 d4 39. Bxf7 Kxf7 40. cxd4 {[%emt 0:00:14][%cal Bc3d4,Bd4d5][%mdl 4128] Endspiel. KQ-KRN} (40. exd4 $2 {verliert.} Re6 41. Ke2 Rxe5+ 42. fxe5 Ng7 $19) 40... a5 41. d5 Nd6 42. e4 Ne8 43. Kd2 Nd6 44. Kd3 {[%emt 0:00:03] jetzt Qc3 und aus.} Ne8 45. Qb8 {[%emt 0:00:03] Weiß setzt Matt.} Rd6 46. Qb7+ Kf8 47. e5 Rd8 48. Ke4 Rd6 49. Qh7 (49. exd6 $2 {ist das falsche Schlagen.} Nxd6+ 50. Ke5 Nxb7 $19) 49... Rd8 50. Qxh6+ Ng7 51. Qf6+ {[%emt 0:00:02] Gewichteter Fehlerwert: Weiß=0.23 (präzise) /Schwarz=0.58.  Gewinn verpasst:   	Weiß=1     	---        Fehler:       	Weiß=4     	Schwarz=9     Ungenau:       	---       	Schwarz=2     OK:         	Weiß=10    	Schwarz=10    Bester:       	Weiß=1     	Schwarz=3     Stark:        	Weiß=1     	---} 1-0

[Event "European Women Rapid-ch 2023"]
[Site "Monaco"]
[Date "2024.01.13"]
[Round "5.21"]
[White "Dornbusch, Tatiana"]
[Black "Rudzinska, Michalina"]
[Result "0-1"]
[ECO "E01"]
[WhiteElo "2218"]
[BlackElo "2241"]
[Annotator "RC"]
[PlyCount "108"]
[EventDate "2023.12.19"]
[EventType "swiss"]
[EventCountry "MNC"]
[SourceTitle "playchess.com"]
[Source "ChessBase"]
[SourceQuality "1"]
[TimeControl "900+10"]

1. d4 Nf6 2. Nf3 e6 3. g3 c5 4. Bg2 cxd4 5. Nxd4 d5 6. c4 e5 7. Nc2 d4 8. O-O Nc6 9. e3 d3 10. Ne1 e4 11. f3 exf3 12. Nxf3 Bc5 13. a3 a5 14. Nc3 O-O 15. Nd5 Nxd5 16. cxd5 Qxd5 17. Ne1 Qe5 18. Qxd3 Rd8 19. Qe4 Qxe4 20. Bxe4 Re8 21. Bd5 Be6 22. Bxe6 Rxe6 23. Nc2 Rd8 24. b4 axb4 25. axb4 Nxb4 26. Nxb4 Bxb4 27. Ba3 Bd2 28. Bc5 Bxe3+ 29. Bxe3 Rxe3 30. Rab1 Re7 31. Rb6 f6 32. Rfb1 Rdd7 33. R1b2 Kf8 34. Kg2 Ke8 35. Kf2 Kd8 36. Kf3 Kc8 37. Rc2+ Rc7 38. Rcb2 Rc6 39. R6b3 Rec7 40. Kg4 Rc4+ 41. Kh3 h5 42. Rb5 g5 43. Rf2 R4c5 44. Rxc5 Rxc5 45. Rxf6 Rc2 46. g4 Rc3+ 47. Kg2 hxg4 48. Rg6 Rc5 49. Kg3 b5 50. Kxg4 Kc7 51. Rg7+ Kb6 52. Rg6+ Ka5 53. Rg8 b4 54. Rb8 Ka4 0-1

[Event "European Women Rapid-ch 2023"]
[Site "Monaco"]
[Date "2024.01.13"]
[Round "5.22"]
[White "Radeva, Viktoria"]
[Black "Schippke, Manon"]
[Result "0-1"]
[ECO "B23"]
[WhiteElo "2325"]
[BlackElo "2162"]
[Annotator "TA"]
[PlyCount "86"]
[EventDate "2023.12.19"]
[EventType "swiss"]
[EventCountry "MNC"]
[SourceTitle "playchess.com"]
[Source "ChessBase"]
[SourceQuality "1"]
[TimeControl "900+10"]

1. e4 c5 2. Nc3 e6 3. d4 cxd4 4. Qxd4 Nc6 5. Qe3 Nf6 6. Be2 {[%emt 0:00:14] B23: Closed Sicilian: Lines without g3.} d6 7. Nf3 Be7 8. O-O O-O 9. b3 a6 10. Rd1 Qc7 11. Bb2 b5 12. h3 $146 ({Predecessor:} 12. a3 Bb7 13. Rd2 Rac8 14. h3 Rfd8 15. Rad1 h6 16. Bf1 b4 17. Na4 bxa3 18. Bxa3 Nxe4 19. Qxe4 {1-0 Begmuratov,K (2148)-Morgunov,M (2386) Online Olym Div2 B rapid 2021 (1.5)}) 12... Bb7 13. Bd3 Rac8 14. a3 Nd7 15. Ne2 Nc5 16. Qf4 e5 17. Qe3 Ne6 (17... f5 $17 {Hoping for ...fxe4.} 18. exf5 e4 19. Bxe4 Nxe4 20. Qxe4 Ne5) 18. Ng3 g6 19. a4 (19. c4 $11) 19... b4 (19... Nb4 $15) 20. h4 Nf4 21. h5 Nd8 (21... Nxh5 $6 22. Nxh5 gxh5 23. c3 $16 (23. Qh6 Kh8 $14)) 22. Bc4 Nde6 (22... Nxh5 $2 23. Nxh5 Ne6 24. Ng3 $18) 23. hxg6 hxg6 (23... fxg6 24. c3 $16) 24. Ne2 (24. c3 $11 {remains equal.}) 24... Nxe2+ $1 $17 25. Qxe2 Nf4 (25... Nc5 $17 26. Bd5 Kg7) 26. Qe3 $11 Qc6 27. Re1 a5 $2 {[%emt 0:02:39] [#]} (27... Qd7 $11 {and Black has nothing to worry.}) 28. g3 $1 $18 Ne6 $2 (28... Qd7) 29. Qh6 $18 Qd7 $2 (29... Bf6 30. Bxe6 Bg7 31. Qxg6 fxe6) 30. Kg2 $2 (30. Nxe5 $18 Bg5 (30... dxe5 31. Bxe5 f6 32. Qxg6+ Kh8 33. Kg2 Bxe4+ 34. Rxe4) 31. Qxg5 (31. Nxd7 Bxh6 32. Nxf8 Kxf8 $16) 31... Nxg5 32. Nxd7) 30... Bf6 $1 $11 (30... Rxc4 $2 31. Rh1 $18 (31. bxc4 Bf6 $17) (31. bxc4 Bf6 $15)) 31. Rad1 Bg7 (31... Rc5 $11) 32. Qh4 (32. Nxe5 $1 $14 Qc7 33. Ng4 Bxh6 34. Nxh6+ Kh7 35. Rh1) 32... Qd8 (32... Rxc4 $1 $17 33. bxc4 f6 (33... Qxa4 $2 34. Rxd6 Qxc2 35. Bxe5 $18)) 33. Qh3 $2 (33. Bxe6 $14 {keeps the upper hand.} Qxh4 34. gxh4 (34. Nxh4 fxe6 35. Nxg6 Rf7 $14) 34... fxe6 35. Rxd6 Rxc2 36. Bxe5 Bxe5 (36... Rxf3 $2 37. Kxf3 Bxe5 38. Rd8+ Kg7 39. Rd7+ Kh6 40. Rxb7 $18) 37. Nxe5) 33... Qe7 ({Black should try} 33... Rxc4 $1 $17 34. bxc4 Qe7) 34. Nh4 $2 (34. Bxe6 $1 $11 {and White stays safe.} fxe6 35. Rd2) 34... Rxc4 $1 $19 35. bxc4 Ng5 (35... Rc8 $19 {[%cal Oe6g5] And now ...Ng5! would win.} 36. Qg4 Rxc4) 36. Qg4 $17 {[%emt 0:00:08] [#]} f5 (36... Rc8 $1 $17 37. Nf3 (37. Bc1 $2 Nxe4 38. Rxe4 Rxc4 $19) 37... Nxe4 38. Rxe4 f5 39. Qxg6 (39. Qh4 $2 Bf6 $19) 39... Bxe4 (39... fxe4 40. Ng5 $11) 40. Rxd6 Rxc4 41. Bxe5 Bxf3+ 42. Kh3 (42. Kxf3 $2 Qb7+ $19) 42... Rg4 (42... Qxe5 43. Rd8+) (42... Bg4+ 43. Kh2 $11) 43. Qxf5 Rg5 (43... Qxe5 44. Rd8+) (43... Bxe5 44. Qc8+ Kf7 45. Qf5+ Kg8 46. Qc8+ Kf7 47. Qf5+ Kg8 $11) 44. Qxf3 Rxe5 (44... Bxe5 $2 45. Qd5+ Kg7 46. Rd7 $18) (44... Qxe5 $2 45. Rd8+ Kh7 46. Kg2 $19)) 37. Nxg6 $11 Qf6 38. Qh5 fxe4 $1 (38... Bxe4+ $2 {perishes.} 39. Rxe4 fxe4 40. Nxf8 Kxf8 41. Bc1 $18) 39. Nxf8 $2 (39. Re3 $11 Qxf2+ 40. Kh1) 39... e3+ 40. f3 Bxf3+ (40... Bxf8 $2 {too greedy.} 41. Rxe3 Qf5 42. Rd2 $18) 41. Qxf3 Qxf3+ 42. Kh2 Qf2+ 43. Kh1 Nf3 0-1

[Event "European Women Rapid-ch 2023"]
[Site "Monaco"]
[Date "2024.01.13"]
[Round "5.23"]
[White "Movsesian, Julia"]
[Black "Monpeurt, Cyrielle"]
[Result "1-0"]
[ECO "B33"]
[WhiteElo "2257"]
[BlackElo "2187"]
[Annotator "ChessBase"]
[PlyCount "81"]
[EventDate "2023.12.19"]
[EventType "swiss"]
[EventCountry "MNC"]
[SourceTitle "playchess.com"]
[Source "ChessBase"]
[SourceQuality "1"]
[TimeControl "900+10"]

1. e4 c5 2. Nf3 Nc6 3. Nc3 Nf6 4. d4 cxd4 5. Nxd4 e5 6. Ndb5 d6 7. Bg5 a6 8. Na3 b5 9. Nd5 Be7 10. Bxf6 Bxf6 11. c4 b4 12. Nc2 O-O 13. Be2 Bg5 14. O-O Qa5 15. Qd3 Qc5 16. b3 Be6 17. Rad1 a5 18. h3 Rac8 19. Nde3 Rcd8 20. Bg4 g6 21. Rd2 f5 22. Bf3 Ne7 23. Rfd1 fxe4 24. Bxe4 Nf5 25. Bd5 Bxd5 26. Qxd5+ Kg7 27. Rd3 Qc7 28. Nxf5+ Rxf5 29. Ne1 Be7 30. Nf3 Rdf8 31. R3d2 Qb6 32. Re2 R8f7 33. Rd3 Rf4 34. c5 dxc5 35. Nxe5 Rxf2 36. Rxf2 Rxf2 37. Kxf2 c4+ 38. Kg3 cxd3 39. Qf7+ Kh6 40. Ng4+ Kh5 41. Qxh7+ 1-0